 Dungeon Crawl Stone Soup version 0.15.2 (webtiles) character file.

773 HAWKINGL3623 the Skirmisher (level 8, -5/62 HPs)
             Began as a Human Abyssal Knight on Feb 20, 2016.
             Was a Priest of Lugonu.
             Slain by Duvessa
             ... wielding a +4 cutlass
              (10 damage)
             ... on Level 4 of the Dungeon.
             The game lasted 00:14:51 (4405 turns).

HAWKINGL3623 the Skirmisher (Human Abyssal Knight)  Turns: 4405, Time: 00:14:51

HP  -5/62        AC 10     Str 13 (14) XL: 8   Next:  9%
MP   6/11        EV  5     Int 13      God: Lugonu [***...]
Gold 169         SH  0     Dex 13      Spells:  0 memorised,  7 levels left

rFire  . . .     SeeInvis .     k - +0 dagger (vamp)
rCold  . . .     Clarity  +     i - +1 chain mail
rNeg   . . .     rCorr    .     (no shield)
rPois  .         rRot     .     (helmet restricted)
rElec  .         Spirit   .     (no cloak)
SustAb .         Warding  .     (no gloves)
rMut   .         Stasis   .     (no boots)
Gourm  .                        m - amulet of clarity
MR     .....                    (no ring)
                                j - ring of flight

@: very slightly contaminated, not resistant to hostile enchantments, extremely
unstealthy
A: horns 1, blurry vision 1, spit poison 1
a: Spit Poison, Depart the Abyss, Bend Space, Banish, Renounce Religion, Evoke
Flight


You were on level 4 of the Dungeon.
You worshipped Lugonu.
Lugonu was most pleased with you.
You were not hungry.

You visited 1 branch of the dungeon, and saw 4 of its levels.
You visited the Abyss 1 time.

You collected 169 gold pieces.

Inventory:

Hand weapons
 a - a +1 falchion
 k - a +0 vampiric dagger (weapon)
Missiles
 f - 6 poisoned needles
 g - 20 bolts
 n - 11 sling bullets
 q - a tomahawk (quivered)
Armour
 i - a +1 chain mail (worn)
Comestibles
 c - a bread ration
 d - 4 fruits
Scrolls
 e - 2 scrolls of remove curse
 h - a scroll of amnesia
 p - 4 scrolls of identify
Jewellery
 j - a ring of flight (left hand)
 m - an amulet of clarity (around neck)


   Skills:
 + Level 5.2 Fighting
 + Level 3.8 Long Blades
 + Level 1.1 Throwing
 + Level 4.7 Armour
 + Level 3.7 Dodging
 + Level 0.9 Stealth
 + Level 2.8 Invocations


You had 7 spell levels left.
You didn't know any spells.

Dungeon Overview and Level Annotations

Branches:
Dungeon (4/15)
 Temple: D:4-7

Altars:
Cheibriados
Fedhas

Shops:
D:4 (

Annotations:
D:4 Duvessa
Abyss:1 Eustachio


Innate Abilities, Weirdness & Mutations

You have a pair of small horns on your head.
Your vision is a little blurry.
You can spit poison.


Message History

Duvessa hits you with a runed cutlass.
* * * LOW HITPOINT WARNING * * *
You hit Duvessa but do no damage.
Duvessa is severely wounded.
Duvessa hits you with a runed cutlass.
* * * LOW HITPOINT WARNING * * *
You hit Duvessa.
You feel better.
You headbutt Duvessa, but do no damage.
Duvessa is almost dead.
Your chain mail prevents you from hitting Duvessa.
Duvessa is almost dead.
Duvessa hits you with a runed cutlass.
* * * LOW HITPOINT WARNING * * *
You hit Duvessa.
You feel better.
Duvessa is almost dead.
Duvessa hits you with a runed cutlass!
* * * LOW HITPOINT WARNING * * *
You closely miss Duvessa.
Duvessa is almost dead.
Duvessa hits you with a runed cutlass!
You die...

#. #b#
######@#####.##.# ##
#. #b# #.# #.##.######
.. ..# ##@#
#.##....... .. ###
#####r.#####.#########
. #............# #
#.'########'.# #
#.#........#.#
#.#.e####'.#.#
#.#.#@...#.#.#
#.#.#.##.#.#.#
#.#.#.##.#.#.#
..#.#....#.#.#########
#.#.'####'.#..........
.#........#.#########
+########'.#########
..........##.......
..........##.######


You could see Duvessa.

Vanquished Creatures
  Grinder (D:3)
  A phantom (D:3)
  A scorpion (D:4)
  The ghost of HAWKINGL3623 the Scratcher, a weakling FeTm (D:3)
  Dowan (D:4)
  A hound (D:4)
  An iguana (D:4)
  An orc priest (D:3)
  2 worker ants (D:4)
  4 adders
  An inept item mimic (D:3)
  3 worms
  5 giant geckos
  An ooze (D:1)
  11 orcs
  2 ball pythons
  4 giant cockroaches
  9 goblins
  4 hobgoblins (D:3)
  7 jackals (D:3)
  6 kobolds
  2 quokkas (D:3)
  3 bats
  3 giant newts
  9 rats
84 creatures vanquished.

Notes
Turn   | Place    | Note
--------------------------------------------------------------
     0 | Abyss:1  | HAWKINGL3623, the Human Abyssal Knight, began the quest for the Orb.
     0 | Abyss:1  | Reached XP level 1. HP: 18/18 MP: 1/1
    34 | Abyss:1  | Noticed an ancient zyme
    43 | Abyss:1  | Noticed a fire bat
    47 | D:1      | Escaped the Abyss
   357 | D:1      | Gained mutation: Your vision is a little blurry. [potion of mutation]
   357 | D:1      | Gained mutation: You have a pair of small horns on your head. [potion of mutation]
   357 | D:1      | Gained mutation: You can spit poison. [potion of mutation]
   631 | D:1      | Reached XP level 2. HP: 12/24 MP: 2/2
  1197 | D:2      | Reached XP level 3. HP: 29/29 MP: 4/4
  1465 | D:2      | Acquired Lugonu's first power
  1887 | D:2      | Reached XP level 4. HP: 23/36 MP: 5/5
  2191 | D:2      | Found a blossoming altar of Fedhas.
  2478 | D:3      | Noticed Grinder
  2586 | D:3      | Paralysed by Grinder for 3 turns
  2595 | D:3      | Paralysed by Grinder for 3 turns
  2611 | D:3      | Killed Grinder
  2611 | D:3      | Reached skill level 4 in Fighting
  2611 | D:3      | Reached XP level 5. HP: 23/42 MP: 6/6
  2611 | D:3      | Reached XP level 6. HP: 26/48 MP: 8/8
  2743 | D:3      | Reached skill level 1 in Throwing
  2743 | D:3      | Reached XP level 7. HP: 37/55 MP: 9/9
  2890 | D:3      | Acquired Lugonu's second power
  3115 | D:3      | Found a snail-covered altar of Cheibriados.
  3234 | D:3      | Noticed HAWKINGL3623's ghost (weakling FeTm)
  3251 | D:3      | Killed HAWKINGL3623's ghost
  3618 | D:4      | Found Smyung's Weapon Boutique.
  3747 | D:4      | Acquired Lugonu's third power
  3881 | D:4      | Reached skill level 5 in Fighting
  4307 | D:4      | Noticed Dowan
  4308 | D:4      | Noticed Duvessa
  4311 | D:4      | Noticed Eustachio
  4343 | D:4      | Killed Dowan
  4370 | D:4      | Banished Eustachio
  4370 | D:4      | Reached XP level 8. HP: 32/62 MP: 7/11
  4405 | D:4      | Slain by Duvessa

Action                   |  1- 3 |  4- 6 |  7- 9 || total
-------------------------+-------+-------+-------++-------
Melee: Falchion          |    85 |    60 |   171 ||   316
       Dagger            |       |       |    19 ||    19
Throw: Tomahawk          |       |     9 |     4 ||    13
Invok: Depart the Abyss  |     1 |       |       ||     1
       Banish            |       |       |     3 ||     3
 Abil: Spit Poison       |     2 |       |     1 ||     3
  Use: Potion            |     9 |     1 |     4 ||    14
       Scroll            |     5 |       |     1 ||     6
  Eat: Chunk             |     3 |     3 |     5 ||    11
       Meat ration       |       |       |     1 ||     1
       Pizza             |       |       |     1 ||     1
